Map: Proxima Station LE

Players

Whiskydog - Winner!

  • Race: Terran Terran
  • League: Silver
  • Spawn Location: 7:00

Armagus

  • Race: Protoss Protoss
  • League: Gold
  • Spawn Location: 1:00

VOD

Have the link to the VOD?

Description

Time

  • Played on: June 18, 2017, 4:02 a.m.
  • Length: 15:10
Show
View Real Time Build Order
Export as new Build Order

Whiskydog Terran - Winner!

Build Orders: MMM Bio 

Get SALT Encoding   

  12  0:01  SCV  
  13  0:13  SCV  
  14  0:18  Supply Depot  
  14  0:25  SCV  
  15  0:40  SCV  
  15  0:41  Barracks  
  16  0:50  Refinery  
  16  0:52  SCV  
  17  1:04  SCV  
  18  1:08  Supply Depot  
  18  1:16  SCV  
  19  1:30  Orbital Command  
  19  1:39  Barracks Reactor  
  19  1:52  Command Center  
  19  2:01  SCV  
  20  2:12  Barracks  
  20  2:14  SCV  
  21  2:16  Marine x2  
  23  2:28  Barracks  
  23  2:33  Marine  
  23  2:35  Marine  
  25  2:44  Factory  
  25  2:46  Refinery  
  25  2:52  Marine  
  25  2:53  Marine  
  25  2:57  SCV  
  28  3:04  Supply Depot  
  28  3:09  SCV  
  29  3:13  Orbital Command  
  29  3:17  Barracks Tech Lab  
  29  3:22  Barracks Reactor  
  29  3:28  Factory Reactor  
  29  3:29  SCV  
  30  3:40  Stimpack  
  30  3:41  SCV  
  30  3:43  Marine  
  30  3:44  Marine  
  30  3:46  SCV  
  30  3:47  Marine  
  35  3:54  SCV  
  36  3:58  SCV  
  37  4:05  Supply Depot  
  37  4:06  Marine x2, SCV  
  37  4:07  Marine  
  37  4:08  Marine  
  42  4:11  Marine  
  43  4:21  Starport  
  43  4:27  Marine x4  
  43  4:29  Marine  
  48  4:35  Supply Depot  
  48  4:39  Supply Depot  
  48  4:41  Orbital Command  
  48  4:47  Bunker  
  48  4:53  Engineering Bay, Marine x2  
  48  4:54  Marine x3  
  53  5:02  Supply Depot  
  53  5:17  Marine x3  
  53  5:20  Factory Tech Lab  
  56  5:26  Medivac  
  58  5:29  Marine  
  59  5:38  Refinery, Marine  
  59  5:42  Combat Shields  
  60  5:48  Terran Infantry Weapons Level 1  
  60  5:51  Marine  
  61  6:00  Marine x4  
  65  6:06  Medivac x2  
  69  6:12  Siege Tank  
  72  6:20  Supply Depot  
  72  6:25  Supply Depot  
  72  6:31  Marine  
  72  6:32  Barracks, Marine x3  
  76  6:37  Barracks  
  76  6:41  Marine  
  76  6:43  Medivac x2  
  81  6:49  Marine  
  81  6:53  Engineering Bay  
  82  6:55  Armory  
  82  7:05  SCV x2  
  84  7:16  Marine  
  84  7:17  Marine x3, SCV  
  84  7:18  Marine, SCV  
  84  7:20  Barracks Reactor  
  91  7:24  Barracks Tech Lab  
  91  7:32  Medivac x2  
  91  7:34  Marine x2  
  97  7:37  Marine x2  
  97  7:43  Terran Infantry Armor Level 1  
  99  8:05  SCV  
  99  8:06  Refinery, SCV  
  99  8:11  Marine  
  102  8:13  Command Center  
  102  8:25  Marine x4, SCV x2  
  108  8:28  Supply Depot  
  108  8:30  Supply Depot, Marine x2  
  108  8:31  Supply Depot  
  110  8:34  Supply Depot  
  110  8:41  Barracks  
  110  8:49  Marauder x2, Marine x3, SCV  
  110  8:51  SCV  
  110  8:52  Marine  
  120  8:59  Marine  
  120  9:00  Marine  
  120  9:01  SCV  
  123  9:03  SCV  
  123  9:07  Marine  
  123  9:09  Concussive Shells  
  125  9:11  Terran Infantry Weapons Level 2  
  125  9:16  Fusion Core  
  125  9:27  Marine x3  
  125  9:29  Barracks Tech Lab  
  128  9:31  Starport  
  129  9:38  SCV x3  
  131  9:50  SCV x2  
  133  9:52  Orbital Command  
  133  9:54  Marine x4  
  133  9:56  Marauder  
  139  10:00  Marauder  
  139  10:02  SCV  
  139  10:04  SCV  
  143  10:14  SCV  
  143  10:18  Marine x3  
  143  10:19  Marine x2  
  143  10:20  Marauder x2  
  153  10:21  Marauder  
  155  10:30  Refinery  
  155  10:33  Terran Infantry Armor Level 2  
  155  10:35  Weapon Refit  
  155  10:37  Starport Tech Lab  
  155  10:47  Starport, Marauder  
  157  10:51  Starport  
  157  11:00  Supply Depot x2  
  157  11:02  Supply Depot  
  157  11:07  Supply Depot  
  157  11:10  Refinery  
  157  11:15  Marine x3  
  157  11:16  Marauder, SCV x3  
  165  11:21  Marine x2  
  165  11:22  Marauder x2, Battlecruiser  
  177  11:28  Starport Tech Lab  
  177  11:29  Starport Tech Lab  
  177  11:44  Viking x2  
  177  11:46  Marine x5  
  186  11:47  Marine  
  186  11:48  Marauder  
  186  11:51  Marauder  
  186  11:54  SCV x3  
  196  12:05  Marine  
  196  12:07  Marine x2  
  197  12:14  Supply Depot  
  197  12:15  Terran Infantry Weapons Level 3  
  197  12:18  Supply Depot  
  197  12:26  Terran Ship Weapons Level 1  
  197  12:36  Marine x2, SCV  
  200  13:29  Command Center  
  200  14:03  Marine  
  200  14:04  Marauder  
  200  14:05  Marauder, Marine x2  
  200  14:07  Marauder  
  118  14:28  Marauder  
  118  14:29  Marine x3  
  118  14:30  Marine x5  
  123  14:47  Marine x4  
  123  14:48  Marine x3  
Show
View Real Time Build Order
Export as new Build Order

Armagus Protoss 

Build Orders: 1 Gate Expand, Double Forge, Blink Stalkers, Colossus Rush 

Get SALT Encoding   

  12  0:01  Probe (Chrono Boost)  
  13  0:12  Probe (Chrono Boost)  
  14  0:21  Pylon  
  14  0:24  Probe (Chrono Boost)  
  15  0:41  Gateway  
  15  0:45  Probe (Chrono Boost)  
  15  0:49  Assimilator  
  16  0:55  Probe (Chrono Boost)  
  17  1:06  Probe (Chrono Boost)  
  18  1:16  Probe (Chrono Boost)  
  19  1:29  Nexus  
  19  1:36  Cybernetics Core  
  19  1:43  Assimilator  
  19  1:58  Probe (Chrono Boost)  
  19  1:59  Pylon  
  20  2:09  Probe (Chrono Boost)  
  21  2:17  Adept  
  21  2:19  Probe (Chrono Boost)  
  21  2:21  Warp Gate  
  24  2:30  Mothership Core (Chrono Boost)  
  26  2:43  Pylon  
  26  2:51  Robotics Facility  
  26  3:00  Adept  
  28  3:12  Twilight Council  
  28  3:16  Pylon  
  28  3:30  Gateway  
  28  3:42  Observer  
  29  3:51  Blink  
  30  4:03  Probe (Chrono Boost)  
  30  4:04  Observer  
  31  4:13  Probe (Chrono Boost)  
  32  4:17  Assimilator  
  32  4:20  Assimilator  
  32  4:24  Warp Prism, Probe (Chrono Boost)  
  35  4:34  Probe (Chrono Boost)  
  35  4:36  Forge  
  36  4:52  Forge  
  36  4:58  Probe (Chrono Boost), Robotics Bay  
  37  5:17  Stalker x2  
  41  5:35  Probe (Chrono Boost)  
  42  5:45  Probe (Chrono Boost)  
  42  5:47  Stalker  
  42  5:48  Colossus  
  51  5:56  Probe (Chrono Boost)  
  52  6:01  Protoss Ground Weapons Level 1  
  52  6:02  Protoss Ground Armor Level 1  
  52  6:06  Probe (Chrono Boost)  
  53  6:17  Probe (Chrono Boost)  
  54  6:27  Stalker  
  54  6:28  Probe (Chrono Boost)  
  57  6:38  Probe (Chrono Boost)  
  58  6:49  Probe (Chrono Boost)  
  59  7:11  Extended Thermal Lance  
  59  7:25  Probe (Chrono Boost)  
  60  7:30  Charge  
  60  7:36  Probe (Chrono Boost)  
  61  7:44  Pylon  
  61  7:46  Probe (Chrono Boost)  
  61  7:49  Pylon  
  62  7:55  Pylon, Protoss Shields Level 1  
  62  7:58  Pylon  
  62  7:59  Colossus  
  62  8:02  Pylon, Probe (Chrono Boost), Stalker x2  
  62  8:05  Pylon  
  74  8:13  Probe (Chrono Boost)  
  74  8:16  Nexus  
  74  8:24  Assimilator  
  74  8:29  Assimilator  
  74  8:37  Stalker x2  
  78  8:44  Protoss Ground Weapons Level 2  
  78  8:46  Colossus  
  84  9:02  Probe (Chrono Boost)  
  85  9:13  Probe (Chrono Boost)  
  85  9:16  Pylon  
  86  9:22  Pylon  
  86  9:32  Photon Cannon, Colossus  
  86  9:35  Photon Cannon  
  86  9:40  Pylon  
  86  9:42  Pylon  
  92  9:46  Pylon  
  92  9:49  Protoss Ground Armor Level 2, Pylon  
  92  9:53  Pylon  
  92  9:55  Probe (Chrono Boost)  
  92  9:58  Pylon  
  93  10:02  Pylon  
  93  10:06  Probe (Chrono Boost), Pylon  
  94  10:16  Probe (Chrono Boost)  
  94  10:18  Robotics Facility  
  94  10:20  Robotics Facility  
  95  10:23  Gateway  
  95  10:27  Probe (Chrono Boost), Colossus  
  96  10:30  Stalker  
  96  10:31  Stalker  
  106  10:37  Probe (Chrono Boost)  
  107  10:51  Stargate  
  107  11:21  Probe (Chrono Boost)  
  107  11:25  Colossus  
  108  11:31  Probe (Chrono Boost)  
  108  11:32  Colossus x2  
  109  11:35  Stalker x2  
  109  11:36  Stalker  
  133  11:42  Probe (Chrono Boost)  
  134  11:52  Probe (Chrono Boost)  
  135  11:54  Fleet Beacon  
  135  12:03  Probe (Chrono Boost)  
  135  12:07  Stalker x2  
  135  12:08  Stalker  
  142  12:13  Probe (Chrono Boost)  
  143  12:17  Oracle  
  146  12:24  Probe (Chrono Boost)  
  147  12:34  Probe (Chrono Boost)  
  154  12:45  Probe (Chrono Boost)  
  155  12:53  Oracle  
  155  12:55  Colossus  
  158  13:01  Stalker x3  
  158  13:02  Colossus x2  
  182  13:07  Probe (Chrono Boost)  
  183  13:18  Probe (Chrono Boost)  
  184  13:28  Probe (Chrono Boost)  
  78  14:24  Stalker  
  78  14:25  Stalker x2  
Tags
 
Add a new tag
Caveats
  • Supply blocks, unpowered buildings, or Contaminate may cause inaccurate times.
  • Supply counts are checked every 10 seconds.